 Dungeon Crawl Stone Soup version 0.22.1-6-g1668fe2c40 (webtiles) character file.

9003 LabCoat the Basher (level 11, -2/95 HPs)
             Began as a Hill Orc Fighter on Jan 26, 2019.
             Was a High Priest of Trog.
             Killed by divine providence
             ... invoked by an orc priest
              (16 damage)
             ... on level 9 of the Dungeon.
             The game lasted 00:40:51 (7535 turns).

LabCoat the Basher (Hill Orc Fighter)               Turns: 7535, Time: 00:40:53

Health: -2/95      AC: 28    Str: 27    XL:     11   Next: 39%
Magic:  11/11      EV:  6    Int:  8    God:    Trog [*****.]
Gold:   625        SH: 14    Dex: 11    Spells: 10/10 levels left

rFire    . . .     SeeInvis .   U - +2 morningstar (holy)
rCold    . . .     Gourm    .   c - +1 shield
rNeg     . . .     Faith    .   v - +0 plate armour
rPois    .         Spirit   .   u - +1 helmet
rElec    .         Reflect  +   s - +2 cloak
rCorr    .         Harm     .   x - +0 pair of gloves
MR       .....                  o - +2 pair of boots
Stlth    ..........             M - +2 amulet of reflection
HPRegen  0.25/turn              i - +4 ring of slaying
MPRegen  0.12/turn              h - +6 ring of protection

@: mighty, lethally poisoned (-2 -> -3), berserk cooldown
A: no striking features
a: Berserk, Trog's Hand, Brothers in Arms, Renounce Religion, Convert to Beogh


You were on level 9 of the Dungeon.
You worshipped Trog.
Trog was extremely pleased with you.
You were not hungry.

You visited 1 branch of the dungeon, and saw 9 of its levels.

You collected 715 gold pieces.
You spent 90 gold pieces at shops.

Inventory:

Hand Weapons
 a - a +0 war axe
 m - a +0 hunting sling
 B - a +3 flail of protection
 J - a +0 hand crossbow
 U - a +2 morningstar of holy wrath (weapon)
Missiles
 k - 22 tomahawks (quivered)
 t - 53 sling bullets
 C - 2 steel tomahawks
 K - 2 tomahawks of dispersal
 L - 8 javelins of returning
 Q - 3 javelins
Armour
 c - a +1 shield (worn)
 l - +0 steam dragon scales
 o - a +2 pair of boots (worn)
 s - a +2 cloak (worn)
 u - a +1 helmet (worn)
 v - a +0 plate armour (worn)
 x - a +0 pair of gloves (worn)
Jewellery
 h - a +6 ring of protection (right hand)
 i - a +4 ring of slaying (left hand)
 j - an uncursed ring of positive energy
 M - a +2 amulet of reflection (around neck)
 P - a cursed -2 ring of evasion {unknown}
 X - a +3 ring of protection
Wands
 g - a wand of polymorph (4)
 y - a wand of flame (71)
 O - a wand of scattershot (7)
 T - a wand of paralysis (7)
 W - a wand of digging (13)
 Z - a wand of iceblast (8)
Scrolls
 r - 2 scrolls of remove curse
 z - a scroll of magic mapping
 D - a scroll of enchant armour
Potions
 b - a potion of ambrosia
 d - 3 potions of might
 n - a potion of cancellation {unknown}
 p - a potion of curing {unknown}
 q - a potion of lignification {unknown}
 A - a potion of brilliance {unknown}
 E - a potion of flight {unknown}
 H - a potion of resistance {unknown}
 I - a potion of invisibility {unknown}
 S - a potion of agility {unknown}
 Y - 2 potions of magic {unknown}
Comestibles
 f - 10 rations
 w - 3 chunks of flesh


   Skills:
 + Level 8.4 Fighting
 + Level 9.5(13.4) Axes
 * Level 13.0(13.8) Maces & Flails
 + Level 0.9 Throwing
 + Level 6.1 Armour
 + Level 7.7 Shields
 + Level 0.1 Evocations


You had 10 spell levels left.
You didn't know any spells.
Your spell library was empty.

Dungeon Overview and Level Annotations

Branches:
Dungeon (9/15)             Temple (0/1) D:5            Lair (0/6) D:8
    Orc: D:9-12

Altars:
Cheibriados
Elyvilon
Fedhas
Hepliaklqana
Kikubaaqudgha
Nemelex Xobeh
Okawaru
Ru
Trog
Uskayaw
Vehumet
Yredelemnul
The Shining One

Shops:
D:7 =


Message History

You feel less resistant to hostile enchantments.
You feel sick. You block the killer bee's attack.
The killer bee stings you but does no damage.
You miss the killer bee.
You feel sick.
The killer bee stings you but does no damage.
You block the killer bee's attack. x2
Unknown command.
You closely miss the killer bee.
You feel sick. You block the killer bee's attack. x2
You miss the killer bee. You block the killer bee's attack. x2
You barely miss the killer bee.
You feel sick. The killer bee closely misses you.
You block the killer bee's attack. x2
You miss the killer bee.
You feel yourself speed up.
You feel sick. You block the killer bee's attack. x2
The killer bee stings you.
* * * LOW HITPOINT WARNING * * *
The orc priest mumbles some strange prayers to Beogh against you.
Beogh smites you!
You die...

### ..# #.# #.#
##### .$.
#@#......
..#####y#......
#.....oyy......
#..####o#....#. #
..##y#.##.#
#.##.##.##†# # #
#......##[#.##.#.
#.......).......
#....#.........##.


You could see 4 killer bees, an orc priest and an orc.

Vanquished Creatures
  Erica (D:8)
  Pikel (D:7)
  A cyclops (D:7)
  The ghost of tensugalgo the Insei, a novice DsGl of Cheibriados (D:5)
  A troll (D:9)
  A yak (D:3)
  Grum (D:8)
  A steam dragon (D:4)
  A hungry ghost (D:8)
  Menkaure (D:7)
  A water moccasin (D:9)
  3 soldier ants (D:9)
  Edmund (D:5)
  Duvessa (D:7)
  6 orc warriors
  2 ice beasts (D:7)
  A necrophage (D:6)
  4 wolves (D:8)
  4 ogres
  A centaur (D:6)
  4 bullfrogs
  Dowan (D:7)
  3 scorpions
  11 killer bees
  5 wights (D:9)
  The ghost of marihumana the Grave Robber, a weakling DsNe (D:3)
  3 howler monkeys (D:8)
  2 crimson imps
  A centaur zombie (D:6)
  A jelly (D:8)
  6 hounds
  8 orc priests
  12 orc wizards
  An iguana (D:4)
  Ijyb (D:5)
  Terence (D:2)
  9 worker ants
  Robin (D:3)
  10 adders
  4 gnolls (D:7)
  A river rat (D:5)
  An ooze (D:2)
  An adder zombie (D:8)
  A worm (D:2)
  A dart slug (D:2)
  12 leopard geckos
  57 orcs
  3 ball pythons
  12 bats
  12 giant cockroaches
  11 goblins
  13 hobgoblins
  9 jackals
  12 kobolds
  4 quokkas
  4 frilled lizards
  2 quokka skeletons
  5 rats
280 creatures vanquished.

Vanquished Creatures (collateral kills)
  A queen ant (D:9)
  12 soldier ants (D:9)
  A centaur (D:9)
  A killer bee (D:9)
  5 worker ants (D:9)
20 creatures vanquished.

Vanquished Creatures (others)
  A slave (D:7)
  A centaur (D:8)
  An orc priest (D:7)
  An orc (D:7)
4 creatures vanquished.

Grand Total: 304 creatures vanquished

Notes
Turn   | Place    | Note
-------+----------+-------------------------------------------
     0 | D:1      | LabCoat the Hill Orc Fighter began the quest for the Orb.
     0 | D:1      | Reached XP level 1. HP: 19/19 MP: 1/1
   177 | D:1      | Reached XP level 2. HP: 26/27 MP: 2/2
   508 | D:1      | Reached XP level 3. HP: 32/33 MP: 3/3
   886 | D:2      | Found a white marble altar of Elyvilon.
   886 | D:2      | Found a sacrificial altar of Ru.
   888 | D:2      | Found an ancient bone altar of Kikubaaqudgha.
   890 | D:2      | Found a bloodstained altar of Trog.
   891 | D:2      | Found an iron altar of Okawaru.
   925 | D:2      | Became a worshipper of Trog the Wrathful
  1039 | D:2      | Reached XP level 4. HP: 40/40 MP: 4/4
  1131 | D:2      | Noticed Terence
  1148 | D:2      | Killed Terence
  1148 | D:2      | Reached skill level 5 in Axes
  1148 | D:2      | Reached XP level 5. HP: 30/46 MP: 5/5
  1414 | D:2      | Found a snail-covered altar of Cheibriados.
  1577 | D:3      | Reached * piety under Trog
  1905 | D:3      | Noticed Robin
  1914 | D:3      | Killed Robin
  2036 | D:3      | Found a runed door.
  2037 | D:3      | Noticed a yak
  2037 | D:3      | Noticed marihumana's ghost (weakling DsNe)
  2270 | D:3      | Killed a yak
  2270 | D:3      | Reached XP level 6. HP: 53/53 MP: 6/6
  2272 | D:3      | Killed marihumana's ghost
  2325 | D:4      | Reached ** piety under Trog
  2340 | D:4      | Reached XP level 7. HP: 50/60 MP: 7/7
  2396 | D:4      | Noticed a steam dragon
  2410 | D:4      | Killed a steam dragon
  2716 | D:4      | Found a hide-covered altar of Uskayaw.
  2965 | D:4      | Found a glowing golden altar of the Shining One.
  2974 | D:4      | Found a blossoming altar of Fedhas.
  2976 | D:4      | Found a sparkling altar of Nemelex Xobeh.
  2984 | D:4      | Found a snail-covered altar of Cheibriados.
  3014 | D:4      | Found a radiant altar of Vehumet.
  3041 | D:5      | Entered Level 5 of the Dungeon
  3044 | D:5      | Reached skill level 5 in Fighting
  3054 | D:5      | Reached skill level 1 in Maces & Flails
  3180 | D:5      | Reached XP level 8. HP: 67/68 MP: 8/8
  3231 | D:5      | Found a runed door.
  3234 | D:5      | Noticed tensugalgo's ghost (novice DsGl)
  3286 | D:5      | Found a runed door.
  3412 | D:5      | Found a staircase to the Ecumenical Temple.
  3413 | D:5      | Noticed Edmund
  3414 | D:5      | Noticed Ijyb
  3434 | D:5      | Killed Edmund
  3434 | D:5      | Reached skill level 2 in Maces & Flails
  3444 | D:5      | Killed Ijyb
  3864 | D:5      | Killed tensugalgo's ghost
  3864 | D:5      | Reached skill level 4 in Maces & Flails
  3864 | D:5      | Reached skill level 5 in Shields
  3952 | D:6      | Reached skill level 5 in Maces & Flails
  4137 | D:6      | Found a hazy altar of Hepliaklqana.
  4147 | D:6      | Reached *** piety under Trog
  4271 | D:6      | Reached skill level 6 in Maces & Flails
  4391 | D:6      | Reached XP level 9. HP: 71/75 MP: 9/9
  4400 | D:6      | Found a basalt altar of Yredelemnul.
  4728 | D:7      | Noticed Duvessa
  4734 | D:7      | Noticed Dowan
  4738 | D:7      | Killed Duvessa
  4738 | D:7      | Reached skill level 7 in Maces & Flails
  4746 | D:7      | Killed Dowan
  5008 | D:7      | Reached skill level 8 in Maces & Flails
  5008 | D:7      | Reached skill level 5 in Armour
  5066 | D:7      | Noticed Pikel
  5068 | D:7      | Found Doteoh's Jewellery Boutique.
  5086 | D:7      | Killed Pikel
  5086 | D:7      | Reached skill level 9 in Maces & Flails
  5092 | D:7      | Bought a +2 amulet of reflection for 90 gold pieces
  5127 | D:7      | Noticed Menkaure
  5129 | D:7      | Reached **** piety under Trog
  5132 | D:7      | Noticed a cyclops
  5138 | D:7      | Killed Menkaure
  5156 | D:7      | Killed a cyclops
  5156 | D:7      | Reached skill level 10 in Maces & Flails
  5156 | D:7      | Reached XP level 10. HP: 53/84 MP: 10/10
  5816 | D:8      | Noticed Grum
  5832 | D:8      | Killed Grum
  6115 | D:8      | Found a staircase to the Lair.
  6411 | D:8      | Reached skill level 11 in Maces & Flails
  6763 | D:8      | Reached ***** piety under Trog
  6975 | D:8      | Noticed Erica
  6992 | D:8      | Killed Erica
  7171 | D:9      | Reached skill level 12 in Maces & Flails
  7195 | D:9      | Reached XP level 11. HP: 94/94 MP: 11/11
  7453 | D:9      | Noticed a queen ant
  7467 | D:9      | Received a gift from Trog
  7470 | D:9      | Killed a queen ant
  7502 | D:9      | Reached skill level 13 in Maces & Flails
  7535 | D:9      | Killed from afar by an orc priest

Skill      XL: |  1  2  3  4  5  6  7  8  9 10 11 |
---------------+----------------------------------+-----
Axes           | 3 4 5 7 9 |  9.5
Fighting       | 4 5 6 8 |  8.4
Shields        | 4 5 6 7 |  7.7
Armour         | 4 5 6 |  6.1
Maces & Flails | 1 6 10 12 13 | 13.0
Throwing       | |  0.9
Evocations     | |  0.1

Action                   |  1- 3 |  4- 6 |  7- 9 | 10-12 || total
-------------------------+-------+-------+-------+-------++-------
Melee: War axe           |   118 |   149 |    36 |       ||   303
       Morningstar       |       |       |   310 |   301 ||   611
       Unarmed           |       |       |    13 |       ||    13
Throw: Tomahawk          |       |       |       |    12 ||    12
Invok: Berserk           |       |     1 |     4 |     3 ||     8
       Brothers in Arms  |       |       |       |     2 ||     2
       Trog's Hand       |       |       |       |     1 ||     1
Evoke: Wand              |       |       |     2 |       ||     2
  Use: Scroll            |     2 |     5 |     8 |     8 ||    23
       Potion            |       |     2 |     1 |     4 ||     7
  Eat: Chunk             |     1 |     5 |    10 |    10 ||    26
       Ration            |       |       |     1 |     1 ||     2
Armor: Scale mail        |    80 |    60 |    11 |       ||   151
       Plate armour      |       |       |   225 |   124 ||   349
Dodge: Dodged            |    43 |    29 |    64 |    41 ||   177
Block: Shield            |    69 |    84 |   208 |   212 ||   573
       Reflection        |       |       |       |    14 ||    14
